 Dungeon Crawl Stone Soup version 0.24.0-125-gc4c63601f3 (webtiles) character file.

Game seed: 11070239290263183630, levelgen mode: deterministic

345 H0rd4k the Charlatan (level 6, -10/44 HPs)
             Began as a Human Artificer on Mar 13, 2020.
             Shot with an arrow by something (11 damage)
             ... on level 4 of the Dungeon.
             The game lasted 00:05:58 (3620 turns).

H0rd4k the Charlatan (Human Artificer)              Turns: 3620, Time: 00:05:59

Health: -10/44     AC:  3    Str: 14    XL:     6   Next: 90%
Magic:  8/8        EV: 13    Int: 12    God:
Gold:   210        SH:  0    Dex: 13    Spells: 5/5 levels left

rFire    . . .     SeeInvis .   q - +0 rapier
rCold    . . .     Gourm    .   (no shield)
rNeg     . . .     Faith    .   b - +0 leather armour
rPois    .         Spirit   .   (no helmet)
rElec    .         Reflect  .   (no cloak)
rCorr    .         Harm     .   (no gloves)
MR       .....                  (no boots)
Stlth    +.........             (no amulet)
HPRegen  0.14/turn              (no ring)
MPRegen  0.11/turn              (no ring)

@: no status effects
A: no striking features
a: no special abilities


You were on level 4 of the Dungeon.
You were hungry.

You visited 1 branch of the dungeon, and saw 4 of its levels.

You collected 210 gold pieces.

Inventory:

Hand Weapons
 a - a +0 short sword
 q - a +0 rapier (weapon)
Armour
 b - a +0 leather armour (worn)
Jewellery
 p - a +3 ring of protection {unknown}
Wands
 e - a wand of random effects (9)
Scrolls
 g - a scroll of noise {unknown}
 j - 3 scrolls of magic mapping {unknown}
 l - 3 scrolls of identify {unknown}
 n - 4 scrolls of remove curse {unknown}
 t - a scroll of teleportation {unknown}
 u - a scroll of enchant weapon {unknown}
 v - a scroll of immolation {unknown}
Potions
 h - a potion of mutation {unknown}
 i - 2 potions of cancellation {unknown}
 k - a potion of magic {unknown}
 m - a potion of lignification {unknown}
 o - 2 potions of curing {unknown}
 r - a potion of flight {unknown}
Comestibles
 f - 4 rations


   Skills:
 + Level 2.2 Fighting
 + Level 3.3 Short Blades
 + Level 2.4 Armour
 + Level 3.8 Dodging
 + Level 1.2 Stealth
 + Level 3.9 Evocations


You had 5 spell levels left.
You didn't know any spells.
Your spell library was empty.

Dungeon Overview and Level Annotations

Branches:
Dungeon (4/15)
 Temple: D:4-7

Altars:
Qazlal
Ru
Zin

Annotations:
D:3 exclusion: downstairs
D:4 Grinder


Message History

The centaur shouts!
The centaur seems to speed up.
The centaur shoots an arrow.
The arrow hits you!
* * * LOW HITPOINT WARNING * * *
Evoke which item? (* to show all) (? for menu, Esc to quit)
Aiming: Random Effects
Press: ? - help, Shift-Dir - straight line, f/p - centaur
Aim: a centaur, wielding a +0 shortbow (fast)
The centaur flickers and vanishes!
Deactivating autopickup; reactivate with Ctrl-A.
You hear a twanging sound.
An arrow appears from out of thin air!
The arrow hits you!
* * * LOW HITPOINT WARNING * * *
You hear a twanging sound.
An arrow appears from out of thin air!
The arrow hits you but does no damage.
Evoke which item? (* to show all) (? for menu, Esc to quit)
Aiming: Random Effects
Press: ? - help, Shift-Dir - straight line You hear a twanging sound.
An arrow appears from out of thin air!
The arrow hits you!
You die...

.....# #..####..........#
.....#####..#.....#######.#
.....+.....)'.....# #.#
.....#####..#.....# #.#
...........)'.....+ #.#
#.###########.....# ### #.#
#..{..# #.. .........#'##
#### ##.......#@# #
#.......#.# # #########.#
#.# #.# #.# #.# #.# #.#


There were no monsters in sight!

Vanquished Creatures
  An ice beast (D:3)
  A gnoll shaman (D:4)
  An orc wizard (D:3)
  A hound skeleton (D:4)
  5 gnolls
  5 adders
  2 worms
  4 dart slugs
  2 leopard geckos
  4 orcs (D:4)
  3 giant cockroaches
  8 goblins
  13 hobgoblins
  8 jackals
  5 kobolds
  A quokka (D:3)
  A ball python (D:3)
  5 bats
  2 frilled lizards
  9 rats
81 creatures vanquished.

Vanquished Creatures (collateral kills)
  A leopard gecko (D:4)
  An orc (D:3)
  A bat (D:3)
  2 goblins
  A hobgoblin (D:3)
6 creatures vanquished.

Vanquished Creatures (others)
  A gnoll (D:4)
  An adder (D:2)
  3 orcs
5 creatures vanquished.

Grand Total: 92 creatures vanquished

Notes
Turn   | Place    | Note
-------+----------+-------------------------------------------
     0 | D:1      | H0rd4k the Human Artificer began the quest for the Orb.
     0 | D:1      | Reached XP level 1. HP: 15/15 MP: 3/3
    64 | D:1      | Reached XP level 2. HP: 18/21 MP: 4/4
   313 | D:1      | Reached XP level 3. HP: 15/26 MP: 5/5
   672 | D:1      | Reached skill level 1 in Armour
   693 | D:1      | You fall into a shaft and drop 1 floor!
   883 | D:2      | Reached XP level 4. HP: 32/32 MP: 6/6
  1619 | D:2      | Found a stormy altar of Qazlal.
  1843 | D:2      | Reached XP level 5. HP: 37/37 MP: 7/7
  2187 | D:3      | Found a sacrificial altar of Ru.
  2339 | D:3      | Found a glowing silver altar of Zin.
  2857 | D:3      | Noticed an ice beast
  2929 | D:3      | Killed an ice beast
  2929 | D:3      | Reached XP level 6. HP: 21/44 MP: 8/8
  3176 | D:4      | Noticed Grinder
  3619 | D:4      | HP: 1/44 [something (7)]
  3620 | D:4      | Shot with an arrow by something

Levels and vault maps discovered:
D:1:      kennysheep_arrival_forest, layout_basic, minivault_14, moated_statue,
          chequers_mini_garden
D:2:      minmay_razor_zed, layout_basic, nicolae_qazlal_general_emergency,
          serial_bayou_crossing
D:3:      layout_rooms, hangedman_ru_absence, lemuel_round_altar
D:4:      layout_basic, nemelex_xobeh_ov_fountains_minmay,
          gammafunk_temple_overflow_wave, cheibrodos_sewer_entry_bend,
          uniq_grinder

Skill      XL: |  1  2  3  4  5 |
---------------+----------------+-----
Armour         | 1 2 |  2.4
Short Blades   | 2 3 |  3.3
Dodging        | 3 |  3.8
Fighting       | 2 |  2.2
Stealth        | |  1.2
Evocations     | |  3.9

Action                   |  1- 3 |  4- 6 || total
-------------------------+-------+-------++-------
Melee: Short sword       |   149 |    57 ||   206
       Rapier            |       |   129 ||   129
Evoke: Wand              |     6 |    30 ||    36
 Stab: Sleeping          |     1 |       ||     1
  Eat: Chunk             |       |     5 ||     5
       Ration            |       |     1 ||     1
Armor: Leather armour    |    55 |    52 ||   107
Dodge: Dodged            |   127 |   118 ||   245
